 Dungeon Crawl Stone Soup version 0.31.0-32-g396128a36d (webtiles) character file.

Game seed: 16533592905627978372

58 601d51SH the Sneak (level 4, -2/38 HPs)
             Began as a Gnoll Brigand on Mar 31, 2024.
             Slain by Robin
             ... wielding a +0 mace
              (5 damage)
             ... on level 1 of the Dungeon.
             The game lasted 00:03:13 (1370 turns).

601d51SH the Sneak (Gnoll Brigand)                  Turns: 1370, Time: 00:03:13

Health: -2/38      AC:  4    Str: 13    XL:     4   Next: 1%
Magic:  5/5        EV: 12    Int: 10    God:
Gold:   61         SH:  0    Dex: 13    Spells: 5/5 levels left

rFire   . . .        a - +2 dagger
rCold   . . .        (no shield)
rNeg    . . .        b - +0 robe
rPois   .            (no helmet)
rElec   .            c - +0 cloak
rCorr   .            k - +0 pair of gloves
SInv    .            (no boots)
Will    .....        (no amulet)
Stlth   ++++         (no ring)
HPRegen 0.26/turn    (no ring)
MPRegen 0.09/turn

%: no passive effects
@: no status effects
A: fangs 1, strong nose, distributed training
a: no special abilities


You were on level 1 of the Dungeon.
You visited 1 branch of the dungeon, and saw 2 of its levels.

You collected 61 gold pieces.

Inventory:

Hand Weapons
 a - a +2 dagger (weapon)
Missiles
 d - 15 poisoned darts (quivered)
 e - 3 curare-tipped darts
Armour
 b - a +0 robe (worn)
 c - a +0 cloak (worn)
 k - a +0 pair of gloves (worn)
Scrolls
 f - a scroll of identify {unknown}
 g - a scroll of torment {unknown}
 h - a scroll of teleportation {unknown}
 i - a scroll of revelation {unknown}
Potions
 j - a potion of ambrosia {unknown}


   Skills:
 + Level 4.6 Fighting
 + Level 4.6 Short Blades
 + Level 1.0 Long Blades
 + Level 1.0 Axes
 + Level 1.0 Maces & Flails
 + Level 1.0 Polearms
 + Level 1.0 Staves
 + Level 1.0 Ranged Weapons
 + Level 4.6 Throwing
 + Level 1.0 Armour
 + Level 2.7 Dodging
 + Level 7.8 Stealth
 + Level 1.0 Shields
 + Level 1.0 Unarmed Combat
 + Level 1.0 Spellcasting
 + Level 0.8 Conjurations
 + Level 0.8 Hexes
 + Level 0.8 Summonings
 + Level 0.8 Necromancy
 + Level 0.8 Translocations
 + Level 0.8 Fire Magic
 + Level 0.8 Ice Magic
 + Level 0.8 Air Magic
 + Level 0.8 Earth Magic
 + Level 0.8 Alchemy
 + Level 1.1 Invocations
 + Level 1.0 Evocations
 + Level 1.0 Shapeshifting


You had 5 spell levels left.
You didn't know any spells.
Your spell library contained the following spells:

 Spells                   Type           Power      Damage    Failure   Level
 Slow                     Hex            8%         N/A       24%         1
 Summon Small Mammal      Summ           8%         N/A       24%         1
 Call Canine Familiar     Summ           2%         N/A       58%         3
 Confusing Touch          Hex            2%         N/A       58%         3
 Sigil of Binding         Hex            2%         N/A       58%         3
 Vampiric Draining        Necr           2%         2d6       58%         3
 Summon Blazeheart Golem  Fire/Summ      2%         N/A       94%         4


Dungeon Overview and Level Annotations

Branches:
Dungeon (2/15)

Altars:

Annotations:
D:1 Robin
D:2 Sigmund


Innate Abilities, Weirdness & Mutations

You have very sharp teeth.
Your uncanny sense of smell can sniff out nearby items.
Your experience applies equally to all skills.


Message History

There is a stone staircase leading up here.
Sigmund appears from thin air!
Reactivating autopickup.
Robin hits you with a +0 mace.
* * * LOW HITPOINT WARNING * * *
You climb upwards.
There is a stone staircase leading down here.
Robin attacks as they pursue you! Robin hits you with a +0 mace.
* * * LOW HITPOINT WARNING * * *
Robin attacks as they pursue you! Robin hits you with a +0 mace.
* * * LOW HITPOINT WARNING * * *
Robin attacks as they pursue you! Robin closely misses you.
You barely miss Robin.
Robin is severely wounded.
Robin hits you but does no damage.
You hit Robin. You bite Robin, but do no damage.
Robin is severely wounded.
Robin hits you with a +0 mace.
* * * LOW HITPOINT WARNING * * *
You hit Robin but do no damage.
Robin is severely wounded.
You hit Robin but do no damage.
Robin is severely wounded.
Robin closely misses you.
You hit Robin but do no damage. You bite Robin, but do no damage.
Robin is severely wounded.
Robin barely misses you.
You closely miss Robin.
Robin is severely wounded.
Robin closely misses you.
You hit Robin.
Robin is almost dead.
You hit Robin but do no damage. Your punch misses Robin. You bite Robin.
Robin is almost dead.
Robin hits you but does no damage.
You hit Robin but do no damage.
Robin is almost dead.
Robin hits you with a +0 mace.
You die...
Robin says, "And that's why I'm the boss."

### # ##.## # #...# ###...##
(#..#..# .#.###.######### ...#
#.........##################
#.##
##.).......@g........>......
#.# #..#####.#####..........###
########.# #.#..............#
.........# #.#..............#
.........#####.#......#..(.####
...............#......#..).#
...............########....#
.................(......##.#
###.###........########.##.#


You could see Robin.

Vanquished Creatures
  A gnoll (D:1)
  A dart slug (D:1)
  7 bats
  3 endoplasms (D:1)
  6 goblins
  6 hobgoblins
  6 kobolds
  4 quokkas
  5 ball pythons
  A frilled lizard (D:2)
  3 rats
43 creatures vanquished.

Notes
Turn   | Place    | Note
-------+----------+-------------------------------------------
     0 | D:1      | 601d51SH the Gnoll Brigand began the quest for the Orb.
     0 | D:1      | Reached XP level 1. HP: 20/20 MP: 1/1
    72 | D:1      | Reached XP level 2. HP: 21/26 MP: 2/2
   563 | D:1      | HP: 1/26 [gnoll/+0 spear (2)]
   568 | D:1      | Reached XP level 3. HP: 2/31 MP: 2/4
   733 | D:1      | Reached skill level 1 in Invocations
   754 | D:1      | You fall into a shaft and drop 1 floor!
   885 | D:2      | Noticed Robin
  1017 | D:2      | Reached skill level 1 in Long Blades
  1017 | D:2      | Reached skill level 1 in Axes
  1017 | D:2      | Reached skill level 1 in Maces & Flails
  1017 | D:2      | Reached skill level 1 in Polearms
  1017 | D:2      | Reached skill level 1 in Staves
  1017 | D:2      | Reached skill level 1 in Ranged Weapons
  1017 | D:2      | Reached skill level 1 in Armour
  1017 | D:2      | Reached skill level 1 in Shields
  1017 | D:2      | Reached skill level 1 in Unarmed Combat
  1017 | D:2      | Reached skill level 1 in Spellcasting
  1017 | D:2      | Reached skill level 1 in Evocations
  1296 | D:2      | Reached skill level 1 in Shapeshifting
  1296 | D:2      | Reached XP level 4. HP: 38/38 MP: 5/5
  1299 | D:2      | Noticed Sigmund
  1370 | D:1      | Slain by Robin

Illustrated notes

Levels and vault maps discovered:
D:1:      reono_arrival_forest_river, layout_basic, serial_curves,
          eino_curves_03, eino_curves_04
D:2:      layout_loops_cross, dreamdust_ecumenical_altar_hidden_monk_grotto,
          uniq_jessica, uniq_robin, uniq_sigmund

Skill      XL: |  1  2  3 |
---------------+----------+-----
Invocations    | 1 |  1.1
Long Blades    | 1 |  1.0
Axes           | 1 |  1.0
Maces & Flails | 1 |  1.0
Polearms       | 1 |  1.0
Staves         | 1 |  1.0
Ranged Weapons | 1 |  1.0
Armour         | 1 |  1.0
Shields        | 1 |  1.0
Unarmed Combat | 1 |  1.0
Spellcasting   | 1 |  1.0
Evocations     | 1 |  1.0
Shapeshifting  | 1 |  1.0
Fighting       | |  4.6
Short Blades   | |  4.6
Throwing       | |  4.6
Dodging        | |  2.7
Stealth        | |  7.8
Conjurations   | |  0.8
Hexes          | |  0.8
Summonings     | |  0.8
Necromancy     | |  0.8
Translocations | |  0.8
Fire Magic     | |  0.8
Ice Magic      | |  0.8
Air Magic      | |  0.8
Earth Magic    | |  0.8
Alchemy        | |  0.8

Action                     |  1- 3 |  4- 6 || total
---------------------------+-------+-------++-------
  Melee: Dagger            |   115 |    24 ||   139
         Bite              |    10 |     5 ||    15
   Stab: Sleeping          |     8 |       ||     8
 Armour: Robe              |    47 |    24 ||    71
  Dodge: Dodged            |    53 |    24 ||    77
